 Dungeon Sprint DCSS version 0.30-a0-1114-gd936c97349 (webtiles) character file.

Game seed: 332026262022902192

445 dialectric the Fighter (level 7, -1/45 HPs)
             Began as a Gargoyle Fighter on Apr 20, 2023.
             Slain by a neqoxec (9 damage)
             ... in the Dungeon (Sprint II: "The Violet Keep of Menkaure").
             The game lasted 00:01:00 (66 turns).

dialectric the Fighter (Gargoyle Fighter)             Turns: 66, Time: 00:01:01

Health: -1/45      AC: 13    Str: 18      XL:     7   Next: 3%
Magic:  7/7        EV: 11    Int:  5 (8)  God:
Gold:   243        SH:  0    Dex: 11      Spells: 6/6 levels left

rFire   . . .      SeeInvis .    a - +0 long sword
rCold   . . .      Faith    .    (no shield)
rNeg    + . .      Spirit   .    b - +0 scale mail
rPois   ∞          Reflect  .    (no helmet)
rElec   +          Rampage  .    (no cloak)
rCorr   .          NoTele   +    (no gloves)
Will    .....      Rage     3%   (no boots) Stlth
                                 (no amulet)
HPRegen 0.27/turn                (no ring)
MPRegen 0.10/turn                (no ring)

@: no status effects
A: sickness immunity, AC +4, negative energy resistance 1, electricity
resistance, torment resistance 1, petrification resistance, berserk 1, frail 1,
weak 1
a: no special abilities


You were in the Dungeon.
You visited 1 branch You collected 243 gold pieces.

Inventory:

Hand Weapons
 a - a +0 long sword (weapon)
Armour
 b - a +0 scale mail (worn)
 c - a +0 buckler
Scrolls
 j - a scroll of blinking
Potions
 g - a potion of haste
 h - 2 potions of magic


   Skills:
 + Level 9.1 Fighting
 + Level 6.1 Long Blades
 + Level 9.0 Armour
 * Level 4.1 Dodging
 - Level 6.4 Shields


You had 6 spell levels left.
You didn't know any spells.
Your spell library was empty.

Dungeon Overview and Level Annotations

Branches:
Dungeon (1/1)

Altars:


Innate Abilities, Weirdness & Mutations

You are immune to sickness and miasma.
Your stone body is resilient. (AC +4)
You are immune to poison.
You resist negative energy. (rN+)
You are resistant to electric shocks. (rElec)
You are resistant to unholy torment.
You are immune to petrification.
You sometimes lose your temper in combat.
You are frail. (-10% HP)
You are weak. (Str -2)


Message History

You have reached level 7!
You closely miss the neqoxec. The neqoxec misses you.
Unknown command.
You feel better. The neqoxec closely misses you.
Unknown command.
You miss the neqoxec. The neqoxec hits you.
* * * LOW HITPOINT WARNING * * *
You slash the neqoxec!
The neqoxec is moderately wounded.
You feel a little less mighty now. The neqoxec misses you.
The neqoxec gestures at you.
You feel dopey. Something feeds on your intellect!
You closely miss the neqoxec.
The neqoxec is moderately wounded.
The neqoxec gestures at you.
Something tries to feed on your intellect!
You barely miss the neqoxec.
The neqoxec is moderately wounded.
The neqoxec barely misses you.
Unknown command.
You closely miss the neqoxec.
The neqoxec is moderately wounded.
The neqoxec closely misses you.
You completely miss the neqoxec.
The neqoxec is moderately wounded.
You recover from your berserk rage.
The neqoxec closely misses you.
You closely miss the neqoxec.
The neqoxec is moderately wounded.
The neqoxec hits you.
* * * LOW HITPOINT WARNING * * *
You hit the neqoxec but do no damage.
The neqoxec is moderately wounded.
The neqoxec hits you but does no damage.
You completely miss the neqoxec. Your punch misses the neqoxec.
The neqoxec is moderately wounded.
The neqoxec hits you!
You die...

## ## #.# .#
#.## ### .##
#'###.##3.#
##.##..@#..#
+.<.†.##3..#
##.####.#....#
#+# #.#
......~ ##
~...§.~
~~~§§§§
§~~~~.~
≈§~§~†§
≈§≈≈§§§


You could see a neqoxec.

Vanquished Creatures
  3 neqoxecs (D)
  Menkaure (D)
  3 worms (D)
7 creatures vanquished.

Vanquished Creatures (others)
  A water moccasin (D)
1 creature vanquished.

Grand Total: 8 creatures vanquished

Notes
Turn   | Place    | Note
-------+----------+-------------------------------------------
     0 | D        | dialectric the Gargoyle Fighter began the quest for the
                  | Orb.
     0 | D        | Reached XP level 1. HP: 14/14 MP: 1/1
    17 | D        | Reached XP level 2. HP: 20/20 MP: 2/2
    18 | D        | Noticed a neqoxec
    18 | D        | Noticed a neqoxec
    23 | D        | Killed a neqoxec
    24 | D        | Reached XP level 3. HP: 28/28 MP: 3/3
    24 | D        | Reached XP level 4. HP: 32/32 MP: 4/4
    24 | D        | Reached XP level 5. HP: 37/37 MP: 5/5
    29 | D        | Killed a neqoxec
    30 | D        | Reached XP level 6. HP: 44/44 MP: 6/6
    36 | D        | Killed a water moccasin
    37 | D        | Noticed Menkaure
    44 | D        | Noticed a neqoxec
    45 | D        | Noticed a neqoxec
    46 | D        | Gained mutation: You are weak. (Str -2) [a neqoxec]
    48 | D        | Gained mutation: You sometimes lose your temper in combat.
                  | [a neqoxec]
    51 | D        | Killed Menkaure
    52 | D        | Reached skill level 5 in Long Blades
    52 | D        | Gained mutation: You are frail. (-10% HP) [a neqoxec]
    54 | D        | HP: 2/40 [neqoxec (2)]
    55 | D        | Killed a neqoxec
    56 | D        | Reached XP level 7. HP: 3/45 MP: 7/7
    66 | D        | Slain by a neqoxec

Illustrated notes

Levels and vault maps discovered:
D:        the_violet_keep_of_menkaure [sprint2_stairs_cluster_1,
          sprint2_shoproom, sprint2_temple, sprint2_basic_supplies,
          sprint2_obstacle_2, sprint2_obstacle_1, sprint2_obstacle_6,
          sprint2_obstacle_3, sprint2_obstacle_7, sprint2_timed_cluster_1,
          sprint2_smallroom_cluster_1, sprint2_smallroom_final_cluster_1,
          sprint2_transparent_cluster_1, sprint2_second_timed_cluster_1,
          sprint2_sniper_area_1, sprint2_heavy_combat_area_1,
          sprint2_mutation_trap_area_1, sprint2_forest_area_1,
          sprint2_light_combat_area_1, sprint2_behind_water_1,
          sprint2_near_end_vault_1]

Skill      XL: |  1  2  3  4  5  6 |
---------------+-------------------+-----
Fighting       | 4 6 8 9 |  9.1
Long Blades    | 2 3 4 6 |  6.1
Armour         | 4 6 7 9 |  9.0
Shields        | 4 6 |  6.4
Dodging        | 2 4 |  4.1

Action                     |  1- 3 |  4- 6 |  7- 9 || total
---------------------------+-------+-------+-------++-------
  Melee: Long sword        |     9 |    16 |    10 ||    35
    Use: Potion            |     2 |     1 |     1 ||     4
 Armour: Scale mail        |     4 |       |     1 ||     5
  Dodge: Dodged            |       |     6 |     6 ||    12

Table legend: (Time is in decaauts)
 A = Elapsed time spent in this place.
 B = Non-inter-level travel time spent in this place.
 C = Inter-level travel time spent in this place.
 D = Time resting spent in this place.
 E = Time spent auto-exploring this place.
 F = Levels seen in this place.
 G = Mean time per level.
                   A        B        C        D        E       F      G
               +--------+--------+--------+--------+--------+-----+--------+
         Total |     80 |     80 |      0 |      0 |      0 |   1 |   80.0 |
       Dungeon |     80 |     80 |      0 |      0 |      0 |   1 |   80.0 |
               +--------+--------+--------+--------+--------+-----+--------+

Top non-repeatable levels by time:
       D: 80 daAuts
